AoeStats
← Jafarr

Arena

510160493Analyzed
4v4 RM · 4d ago on Sep 29, 2026· 41m 19s· 8 players
Game mode
Random Map
Map size
Large (8 player)
Population
200
Speed
Normal
Resources
Standard
Victory
Conquest
Starting age
Dark Age
Ending age
Imperial Age
RankedLock teamsTeams togetherTeam positionsShared explorationLock speedFull tech treeHidden civsTurbo modeCheats
Victory
Defeat
🇮🇳 Varangians · India
1624
+7
🇨🇦 Japanese · Canada
1503
+12
🇺🇸 Celts · United States
1282
+21
🇩🇪 Persians · Germany
1199
+23
🇺🇸 Britons · United States
1410
-16
🇨🇱 Bohemians · Chile
1409
-16
🇫🇷 Lithuanians · France
1396
-16
🇺🇸 Byzantines · United States
1371
-15
Jafarr
10:01 Feudal Age
14:04 Castle Age
14:51 Town Watch
17:46 Double-Bit Axe
18:41 Loom
25:21 Horse Collar
30:15 Heavy Plow
31:58 Bow Saw
33:59 Wheelbarrow
36:27 Imperial Age
34:29 Fletching
34:41 Padded Archer Armor
35:51 Bodkin Arrow
36:25 Ballistics
35:55 Crossbowman
36:45 Gold Mining
36:51 Arbalester
37:42 Bracer
39:09 Yeomen
40:23 Chemistry
bao
10:02 Feudal Age
11:11 Loom
13:58 Castle Age
24:43 Loom
30:35 Bloodlines
30:51 Horse Collar
31:46 Forging
32:00 Husbandry
32:06 Scale Barding Armor
SLAMCOW
10:16 Feudal Age
8:38 Loom
10:23 Feudal Age
11:21 Double-Bit Axe
16:45 Castle Age
15:53 Stone Mining
34:30 Imperial Age
35:30 Wheelbarrow
36:55 Fletching
37:11 Scale Barding Armor
_Mewtwo
9:56 Feudal Age
13:58 Castle Age
12:14 Double-Bit Axe
12:45 Horse Collar
12:53 Loom
14:54 Bow Saw
17:07 Chemistry
23:11 Padded Archer Armor
28:16 Leather Archer Armor
36:33 Imperial Age
33:37 Pikeman
34:20 Scale Mail Armor
34:45 Squires
35:26 Chain Mail Armor
36:23 Forging
36:59 Wheelbarrow
36:36 Halberdier
37:38 Conscription
38:27 Plate Mail Armor
39:07 Iron Casting
39:05 Ring Archer Armor
42:31 Blast Furnace
American
10:43 Feudal Age
14:46 Castle Age
14:02 Double-Bit Axe
13:58 Horse Collar
16:14 Bow Saw
16:26 Heavy Plow
19:52 Wheelbarrow
22:55 Hand Cart
23:14 Gold Mining
25:54 Loom
26:05 Stone Mining
28:55 Imperial Age
26:46 Scale Mail Armor
28:04 Chain Mail Armor
28:00 Forging
27:50 Town Watch
27:55 Pikeman
28:20 Gambesons
27:55 Man-at-Arms
29:25 Arson
30:15 Plate Mail Armor
30:21 Iron Casting
30:02 Fortified Wall
29:58 Siege Engineers
29:20 Capped Ram
29:26 Long Swordsman
30:12 Siege Ram
30:15 Two-Handed Swordsman
31:01 Champion
32:04 Conscription
31:57 Halberdier
37:11 Blast Furnace
38:10 Heavy Scorpion
39:57 Chemistry
39:18 Ballistics
JJ23
10:27 Feudal Age
14:35 Castle Age
15:19 Double-Bit Axe
17:08 Wheelbarrow
17:26 Horse Collar
18:13 Bow Saw
21:34 Scale Barding Armor
21:41 Forging
23:39 Chain Barding Armor
23:43 Husbandry
24:01 Bloodlines
25:31 Hand Cart
31:42 Heavy Plow
37:42 Imperial Age
37:18 Cavalier
38:36 Iron Casting
38:38 Plate Barding Armor
38:44 Savar
40:37 Blast Furnace
Lord Snow
10:58 Feudal Age
11:14 Feudal Age
11:19 Loom
15:20 Castle Age
13:22 Double-Bit Axe
13:55 Horse Collar
26:25 Wheelbarrow
27:25 Bow Saw
31:50 Imperial Age
30:32 Hand Cart
30:06 Town Watch
30:19 Stone Mining
30:20 Gold Mining
30:40 Heavy Plow
31:44 Scale Barding Armor
31:50 Forging
31:58 Forging
32:28 Fletching
32:59 Chain Barding Armor
34:05 Two-Man Saw
34:54 Conscription
35:40 Plate Barding Armor
35:07 Bodkin Arrow
37:08 Coinage
38:52 Iron Casting
38:17 Bracer
39:00 Caravan
39:31 Banking
41:06 Banking
VIT | Hera
10:28 Feudal Age
14:18 Castle Age
12:49 Double-Bit Axe
13:20 Horse Collar
14:07 Loom
15:22 Bow Saw
20:16 Heavy Plow
21:02 Fletching
22:19 Bodkin Arrow
35:09 Wheelbarrow
36:35 Hand Cart
39:25 Imperial Age
38:25 Caravan
38:46 Ballistics
39:03 Masonry
39:23 Guard Tower
39:36 Town Watch
40:21 Masonry
40:29 Yasama
41:05 Keep
41:24 Gold Mining
42:34 Two-Man Saw
41:59 Conscription
Connection lost

Rejoining the realm…

Still unreachable

The connection could not be restored.

Session expired

The server has moved on; the page needs a fresh start.